 Dungeon Sprint DCSS version 0.20.1-1-g8b1a95d (webtiles) character file.

455 Lanoc the Basher (level 6, -1/67 HPs)
             Began as a Troll Berserker on Nov 29, 2017.
             Was a Believer of Trog.
             Slain by Sonja
             ... wielding a +2 short sword of distortion
              (3 damage)
             ... in the Dungeon (Sprint I: "Red Sonja").
             The game lasted 00:03:56 (283 turns).

Lanoc the Basher (Troll Berserker)                   Turns: 283, Time: 00:03:57

Health: -1/67      AC:  5    Str: 28    XL:     6   Next: 76%
Magic:  5/5        EV: 12    Int:  3    God:    Trog [**....]
Gold:   326        SH:  0    Dex:  9    Spells: 5/5 levels left

rFire    . . .     SeeInvis .   l - +4 club
rCold    . . .     Gourm    +   (no shield)
rNeg     . . .     Faith    .   b - +0 animal skin
rPois    .         Spirit   .   (helmet restricted)
rElec    .         Reflect  .   (no cloak)
rCorr    .         Harm     .   (gloves unavailable)
MR       ++...     NoTele   +   (boots unavailable)
Stlth    +.........             (no amulet)
Regen    1.7/turn               (no ring)
MPRegen  0.1/turn               (no ring)

@: lethally poisoned (-1 -> -1), berserk cooldown, regenerating, slowed, very
slow
A: unfitting armour, claws 3, fast metabolism 3, gourmand, regeneration 1,
shaggy fur 1, tough skin 2
a: Berserk, Trog's Hand, Burn Spellbooks, Renounce Religion


You were in the Dungeon.
You worshipped Trog.
Trog was pleased with you.
You were very full.

You visited 1 branch You collected 326 gold pieces.

Inventory:

Hand Weapons
 k - a +0 giant club
 l - a +4 club (weapon)
Armour
 b - a +0 animal skin (worn)
Wands
 j - a wand of polymorph (6/24)
Scrolls
 i - a scroll of blinking
 m - a scroll of remove curse {unknown}
Potions
 d - a potion of curing
 e - a potion of heal wounds
 f - a potion of haste
 g - 2 potions of magic
 h - a potion of berserk rage
Comestibles
 a - 4 chunks of flesh
 c - 2 bread rations


   Skills:
 + Level 6.2 Fighting
 * Level 8.9 Maces & Flails
 + Level 4.8 Armour
 + Level 6.1 Dodging


You had 5 spell levels left.
You didn't know any spells.

Dungeon Overview and Level Annotations

Branches:
Dungeon (1/1)

Altars:
Cheibriados
Dithmenos
Elyvilon
Fedhas
Gozag
Hepliaklqana
Kikubaaqudgha
Nemelex Xobeh
Okawaru
Qazlal
Ru
Sif Muna
Trog
Uskayaw
Vehumet
Yredelemnul
Zin
The Shining One

Shops:
D :

Annotations:
D Sonja


Innate Abilities, Weirdness & Mutations

You are too large for most types of armour.
You have claws for hands.
Your metabolism is lightning-fast.
You like to eat raw meat.
Your natural rate of healing is unusually fast.
You are covered in fur. (AC +1)
You have very tough skin. (AC +2)


Message History

The curare-tipped needle misses you.
Sonja shoots a curare-tipped needle.
The curare-tipped needle closely misses you.
There is an open door here.
You see here 3 curare-tipped needles.
Sonja gestures wildly while chanting.
Sonja blinks!
Sonja shoots a curare-tipped needle.
The curare-tipped needle hits you.
You are more poisoned.
You have difficulty breathing.
You feel as though you will be slow longer.
You see here a curare-tipped needle.
You feel sick.
Sonja shouts, "Too slow!"
You miss Sonja.
You feel sick.
Sonja unwields an uncursed blowgun.
Sonja wields an uncursed short sword of distortion.
Its appearance distorts for a moment.
Sonja closely misses you. Sonja hits you but does no damage.
Space warps horribly around you!
* * * LOW HITPOINT WARNING * * *
Sonja hits you with an uncursed short sword of distortion.
You die...

################
#<.#..'..#..'..#
#..').#..').#..+
#..#####'#####'#
#..####..#...#.#
#..#__####..##.#
#..#_____##'#..+
#⌠⌠#_.∩...K@(._#
####_..__##_(#'#
#_____###(#.#
####### #.###
+$.$+ #$.(#
##.## #+#


You could see Sonja.

Vanquished Creatures
  A yak (D)
  Sigmund (D)
  An ogre (D)
  A jelly (D)
  Ijyb (D)
5 creatures vanquished.

Notes
Turn   | Place    | Note
-------+----------+-------------------------------------------
     0 | D        | Lanoc the Troll Berserker began the quest for the Orb.
     0 | D        | Reached XP level 1. HP: 22/22 MP: 0/0
     2 | D        | Noticed Ijyb
     8 | D        | Killed Ijyb
     8 | D        | Reached skill level 4 in Maces & Flails
     8 | D        | Reached XP level 2. HP: 30/31 MP: 1/1
    60 | D        | Noticed an ogre
    66 | D        | Killed an ogre
    66 | D        | Reached skill level 5 in Maces & Flails
    66 | D        | Reached XP level 3. HP: 40/40 MP: 2/2
    66 | D        | Reached XP level 4. HP: 49/49 MP: 3/3
    98 | D        | Noticed Sigmund
   106 | D        | Killed Sigmund
   106 | D        | Reached ** piety under Trog
   106 | D        | Reached skill level 5 in Fighting
   106 | D        | Reached skill level 7 in Maces & Flails
   106 | D        | Reached skill level 5 in Dodging
   106 | D        | Reached XP level 5. HP: 57/57 MP: 4/4
   106 | D        | Reached XP level 6. HP: 66/66 MP: 5/5
   137 | D        | Found a deep blue altar of Sif Muna.
   139 | D        | Found a radiant altar of Vehumet.
   201 | D        | Found Hetzueps's Book Emporium.
   201 | D        | Found an ancient bone altar of Kikubaaqudgha.
   201 | D        | Found a hazy altar of Hepliaklqana.
   201 | D        | Found a stormy altar of Qazlal.
   201 | D        | Found a hide-covered altar of Uskayaw.
   201 | D        | Found a blossoming altar of Fedhas.
   201 | D        | Found a bloodstained altar of Trog.
   201 | D        | Found an iron altar of Okawaru.
   201 | D        | Found a basalt altar of Yredelemnul.
   201 | D        | Found a glowing golden altar of the Shining One.
   201 | D        | Found a snail-covered altar of Cheibriados.
   201 | D        | Found a sacrificial altar of Ru.
   201 | D        | Found a glowing silver altar of Zin.
   201 | D        | Found a shadowy altar of Dithmenos.
   201 | D        | Found a white marble altar of Elyvilon.
   201 | D        | Noticed a yak
   209 | D        | Killed a yak
   209 | D        | Reached skill level 8 in Maces & Flails
   210 | D        | Found an opulent altar of Gozag.
   256 | D        | Found a sparkling altar of Nemelex Xobeh.
   268 | D        | Noticed Sonja
   283 | D        | HP: 2/67 [Sonja/uncursed short sword of distortion (22)]
   283 | D        | Slain by Sonja

Skill      XL: |  1  2  3  4  5  6 |
---------------+-------------------+-----
Fighting       | 3 4 5 6 |  6.2
Maces & Flails | 4 5 7 8 |  8.9
Dodging        | 3 4 5 6 |  6.1
Armour         | 2 3 4 |  4.8

Action                   |  1- 3 |  4- 6 || total
-------------------------+-------+-------++-------
Melee: Mace              |     5 |       ||     5
       Club              |     5 |    19 ||    24
Invok: Berserk           |     2 |     4 ||     6
       Trog's Hand       |       |     1 ||     1
  Eat: Chunk             |     3 |    10 ||    13
Armor: Animal skin       |       |     3 ||     3
Dodge: Dodged            |     4 |    24 ||    28
